Jets vs Bruins
Created - February 26, 2022 at 08:52
Goals
|
| Jets |
3 |
2 |
3 |
8 |
| Bruins |
0 |
1 |
1 |
2 |
|
Shots
|
| Jets |
16 |
12 |
15 |
43 |
| Bruins |
3 |
13 |
12 |
28 |
|
1st period
1. Jets , Jake McCabe 2 (Max Domi 12, Marcus Johansson 11) at 2:56 (PP)
2. Jets , Kyle Okposo 8 (Ryan Johansen 27, Johnny Boychuk 4) at 8:20
3. Jets , Jordan Martinook 4 (Max Domi 13, Erik Haula 9) at 12:45
Penalties :
Kevin Hayes (Bos) for Hooking (Minor) at 2:13, Jordan Martinook (Win) for Hooking (Minor) at 14:30
2nd period
4. Jets , Max Domi 6 (Ryan Johansen 28) at 1:56 (PP)
5. Jets , Viktor Arvidsson 10 (Marcus Johansson 12, Alexander Wennberg 16) at 2:41
6. Bruins , Mikael Backlund 2 (Adam Pelech 5) at 11:38
Penalties :
Jonathan Toews (Bos) for Tripping (Minor) at 1:50, Michal Neuvirth (Win) for Slashing (Minor) at 12:12 - Jake McCabe served the penalty, Johnny Boychuk (Win) for Interference (Minor) at 12:16
3rd period
7. Jets , Adam Henrique 22 (Ryan Johansen 29) at 1:23 (PP)
8. Jets , Ryan Johansen 10 (Brent Burns 7, Kyle Okposo 8) at 3:45
9. Jets , Jordan Martinook 5 (Max Domi 14, Travis Sanheim 1) at 11:55
10. Bruins , Zack Kassian 18 (Wojtek Wolski 19, Jonathan Toews 26) at 12:11
Penalties :
Josh Manson (Bos) for Hooking (Minor) at 1:17, Torey Krug (Bos) for Roughing (Minor) at 13:42
Goalie Stats
Michal Neuvirth (Win), 26 saves from 28 shots - (0.929), W, 11-12-1, 60:00 minutes
Antti Niemi (Bos), 21 saves from 25 shots - (0.840), 38:04 minutes
Kevin Poulin (Bos), 14 saves from 18 shots - (0.778), L, 15-14-1, 21:56 minutes
Players Stats for Jets
Player Name G A P +/- PIM S H SB GA TA FO MP PP MP PK MP
------------------------------------------------------------------------------------
Adam Henrique 1 0 1 1 0 4 2 0 0 0 1/3 22:18 1:23 0:29
Alexander Wennberg 0 1 1 1 0 0 1 0 1 0 11/21 16:31 1:23 0:03
Brent Burns 0 1 1 3 0 2 1 2 0 0 0/0 23:57 1:03 2:41
Dougie Hamilton 0 0 0 -1 0 0 1 1 1 1 0/0 21:39 1:03 2:24
Erik Haula 0 1 1 2 0 1 0 0 0 1 5/11 13:21 0:29 2:19
Jake McCabe 1 0 1 -1 0 4 0 5 1 2 0/0 21:24 1:51 0:04
Jason Pominville 0 0 0 -1 0 2 1 0 0 0 1/1 7:17 0:14 0:31
Johnny Boychuk 0 1 1 1 2 0 0 0 1 0 0/0 14:59 0:00 1:09
Jordan Martinook 2 0 2 2 2 3 1 1 1 0 0/0 10:40 0:08 0:00
Kyle Okposo 1 1 2 1 0 6 2 0 3 0 0/1 20:00 0:48 0:00
Marco Scandella 0 0 0 3 0 2 1 0 1 0 0/0 22:04 0:00 1:21
Marcus Johansson 0 2 2 1 0 2 2 0 0 0 1/1 17:43 1:23 0:46
Max Domi 1 3 4 2 0 8 1 0 0 0 0/0 13:16 1:31 0:00
Noel Acciari 0 0 0 -1 0 0 0 0 0 0 0/1 7:26 0:00 0:54
Ronalds Kenins 0 0 0 -1 0 1 0 0 0 1 0/0 7:35 0:00 1:03
Ryan Johansen 1 3 4 1 0 4 0 0 2 0 17/33 21:48 1:23 0:00
Travis Sanheim 0 1 1 1 0 1 0 2 0 0 0/0 16:58 1:51 0:28
Viktor Arvidsson 1 0 1 1 0 3 3 1 0 0 2/2 15:05 0:00 0:00
Players Stats for Bruins
Player Name G A P +/- PIM S H SB GA TA FO MP PP MP PK MP
------------------------------------------------------------------------------------
Adam Pelech 0 1 1 0 0 1 1 1 0 0 0/0 14:23 0:00 1:28
Alex Petrovic 0 0 0 0 0 1 1 0 0 1 0/0 11:29 0:00 0:00
Andreas Athanasiou 0 0 0 0 0 1 0 0 0 0 0/0 6:33 0:00 0:00
Andrei Kostitsyn 0 0 0 -2 0 1 1 0 0 0 0/0 11:57 0:00 0:42
Casey Cizikas 0 0 0 -2 0 2 0 1 0 0 3/9 12:07 0:00 0:51
Jason Demers 0 0 0 -2 0 0 2 1 1 1 0/0 29:10 2:38 1:40
Jonathan Toews 0 1 1 1 2 6 1 0 0 1 18/33 20:55 2:34 0:07
Josh Manson 0 0 0 -1 2 2 0 2 0 1 0/0 19:20 1:24 1:14
Kevin Hayes 0 0 0 -2 2 2 2 0 1 0 11/20 16:45 1:28 0:00
Kris Chucko 0 0 0 0 0 0 1 0 0 0 0/0 6:24 0:00 0:00
Madison Bowey 0 0 0 -1 0 1 1 3 0 1 0/0 19:21 1:24 1:14
Matt Read 0 0 0 -2 0 0 0 1 0 1 0/0 11:05 0:00 0:00
Mikael Backlund 1 0 1 0 0 2 0 0 0 0 2/3 6:31 0:00 0:07
Scott Hartnell 0 0 0 -2 0 0 4 0 0 0 0/0 17:09 1:28 0:23
Torey Krug 0 0 0 -2 2 2 2 3 1 1 0/0 27:41 2:38 0:12
Victor Oreskovich 0 0 0 -2 0 3 3 0 0 1 0/0 16:46 1:28 0:00
Wojtek Wolski 0 1 1 1 0 2 1 0 0 0 2/9 24:43 2:34 1:49
Zack Kassian 1 0 1 1 0 2 1 0 2 3 0/0 24:43 2:34 1:49
3 Stars
1 - Max Domi (Win)
2 - Ryan Johansen (Win)
3 - Jordan Martinook (Win)
Power Play
Jets - 3 on 4 Attempt(s) - 75.00%
Bruins - 0 on 3 Attempt(s) - 0.00%
Penalty Kill
Jets - 3 on 3 Attempt(s) - 100.00%
- Score 0 goal in Penalty Kill
Bruins - 1 on 4 Attempt(s) - 25.00%
- Score 0 goal in Penalty Kill
Team Stat
Jets - Hits : 16 - Faceoff Wins : 38 - Blocked Shots : 12 - Penalty Minutes : 6
Bruins - Hits : 21 - Faceoff Wins : 36 - Blocked Shots : 12 - Penalty Minutes : 8
Official
Referees : Jacob Brenk and Kendrick Nicholson
Linesman : James Tobias and Andrew Smith
Game Notes
Antti Niemi enters game at 1:56 of 2nd period
Finance
Level 1 -- Attendance: 4167 (69.45%) -- Ticket Income $516,708
Level 2 -- Attendance: 3659 (73.18%) -- Ticket Income $274,425
Level 3 -- Attendance: 1264 (63.20%) -- Ticket Income $55,616
Level 4 -- Attendance: 2926 (73.15%) -- Ticket Income $84,854
Luxury Box -- Attendance: 701 (70.10%) -- Ticket Income $153,519
Game was played at the TD Garden.
Total Attendance: 12717 (70.65%)
Total Ticket Income: $1,085,122
Other Income: $162,768
Total Income: $1,247,890
Jets
5 vs 5 Forward
Center Left Wing Right Wing Time % Phy DF OF
1 Ryan Johansen Adam Henrique Kyle Okposo 40 1 2 2
2 Alexander Wennberg Marcus Johansson Viktor Arvidsson 30 1 2 2
3 Erik Haula Jordan Martinook Max Domi 20 1 2 2
4 Noel Acciari Ronalds Kenins Jason Pominville 10 1 2 2
5 vs 5 Defense
Defense Defense Time % Phy DF OF
1 Marco Scandella Brent Burns 40 0 3 2
2 Dougie Hamilton Jake McCabe 35 0 3 2
3 Travis Sanheim Johnny Boychuk 25 0 3 2
4 Travis Sanheim Brent Burns 0 2 2 1
PowerPlay Forward
Center Left Wing Right Wing Time % Phy DF OF
1 Ryan Johansen Adam Henrique Max Domi 60 0 0 5
2 Alexander Wennberg Marcus Johansson Kyle Okposo 40 0 0 5
PowerPlay Defense
Defense Defense Time % Phy DF OF
1 Brent Burns Dougie Hamilton 60 0 1 4
2 Jake McCabe Travis Sanheim 40 0 1 4
Penalty Kill 4 Players Forward
Center Wing Time % Phy DF OF
1 Erik Haula Ronalds Kenins 60 0 3 2
2 Noel Acciari Jason Pominville 40 0 3 2
Penalty Kill 4 Players Defense
Defense Defense Time % Phy DF OF
1 Johnny Boychuk Brent Burns 60 0 3 2
2 Marco Scandella Dougie Hamilton 40 0 3 2
Penalty Kill - 3 Players Forward
Forward Time % Phy DF OF
1 Erik Haula 60 0 4 1
2 Noel Acciari 40 0 4 1
Penalty Kill - 3 Players Defense
Defense Defense Time % Phy DF OF
1 Johnny Boychuk Brent Burns 60 0 5 0
2 Marco Scandella Dougie Hamilton 40 0 5 0
4 vs 4 Forward
Center Wing Time % Phy DF OF
1 Ryan Johansen Viktor Arvidsson 60 1 2 2
2 Alexander Wennberg Adam Henrique 40 1 2 2
4 vs 4 Defense
Defense Defense Time % Phy DF OF
1 Brent Burns Jake McCabe 60 1 2 2
2 Marco Scandella Dougie Hamilton 40 1 2 2
Last Minutes Offensive
Center Left Wing Right Wing Defense Defense
Ryan Johansen Adam Henrique Max Domi Jake McCabe Dougie Hamilton
Last Minutes Defensive
Center Left Wing Right Wing Defense Defense
Erik Haula Ronalds Kenins Jason Pominville Brent Burns Marco Scandella
Goaltenders
Starting : Michal Neuvirth
Backup : Marc-André Fleury
Extra Forwards
Normal : Marcus Johansson, Max Domi, Viktor Arvidsson - PP : Marcus Johansson, Erik Haula - PK : Marcus Johansson
Extra Defensemen
Normal : Dougie Hamilton, Jake McCabe, Johnny Boychuk - PP : Dougie Hamilton - PK : Dougie Hamilton, Jake McCabe
Penalty Shots
Marcus Johansson, Adam Henrique, Ryan Johansen, Erik Haula, Jason Pominville
Scratches
Tyler Myers (Right Hand Injury)
Bruins
5 vs 5 Forward
Center Left Wing Right Wing Time % Phy DF OF
1 Jonathan Toews Wojtek Wolski Zack Kassian 40 1 2 2
2 Kevin Hayes Scott Hartnell Victor Oreskovich 30 1 2 2
3 Casey Cizikas Andrei Kostitsyn Matt Read 20 1 2 2
4 Mikael Backlund Kris Chucko Andreas Athanasiou 10 1 2 2
5 vs 5 Defense
Defense Defense Time % Phy DF OF
1 Jason Demers Torey Krug 40 1 2 2
2 Madison Bowey Josh Manson 30 1 2 2
3 Alex Petrovic Adam Pelech 20 1 2 2
4 Jason Demers Torey Krug 10 1 2 2
PowerPlay Forward
Center Left Wing Right Wing Time % Phy DF OF
1 Jonathan Toews Wojtek Wolski Zack Kassian 60 1 2 2
2 Kevin Hayes Scott Hartnell Victor Oreskovich 40 1 2 2
PowerPlay Defense
Defense Defense Time % Phy DF OF
1 Jason Demers Torey Krug 60 1 2 2
2 Madison Bowey Josh Manson 40 1 2 2
Penalty Kill 4 Players Forward
Center Wing Time % Phy DF OF
1 Wojtek Wolski Zack Kassian 60 1 2 2
2 Jonathan Toews Scott Hartnell 40 1 2 2
Penalty Kill 4 Players Defense
Defense Defense Time % Phy DF OF
1 Jason Demers Torey Krug 60 1 2 2
2 Madison Bowey Josh Manson 40 1 2 2
Penalty Kill - 3 Players Forward
Forward Time % Phy DF OF
1 Wojtek Wolski 60 1 2 2
2 Zack Kassian 40 1 2 2
Penalty Kill - 3 Players Defense
Defense Defense Time % Phy DF OF
1 Jason Demers Torey Krug 60 1 2 2
2 Madison Bowey Josh Manson 40 1 2 2
4 vs 4 Forward
Center Wing Time % Phy DF OF
1 Wojtek Wolski Zack Kassian 60 1 2 2
2 Jonathan Toews Scott Hartnell 40 1 2 2
4 vs 4 Defense
Defense Defense Time % Phy DF OF
1 Jason Demers Torey Krug 60 1 2 2
2 Madison Bowey Josh Manson 40 1 2 2
Last Minutes Offensive
Center Left Wing Right Wing Defense Defense
Jonathan Toews Wojtek Wolski Zack Kassian Jason Demers Torey Krug
Last Minutes Defensive
Center Left Wing Right Wing Defense Defense
Jonathan Toews Wojtek Wolski Zack Kassian Jason Demers Torey Krug
Goaltenders
Starting : Kevin Poulin
Backup : Antti Niemi
Extra Forwards
Normal : Andrei Kostitsyn, Matt Read, Casey Cizikas - PP : Andrei Kostitsyn, Matt Read - PK : Casey Cizikas
Extra Defensemen
Normal : Alex Petrovic, Adam Pelech, Madison Bowey - PP : Alex Petrovic - PK : Adam Pelech, Madison Bowey
Penalty Shots
Wojtek Wolski, Zack Kassian, Jonathan Toews, Scott Hartnell, Kevin Hayes
Scratches
Brendan Smith (Broken Bone (Right Arm) Injury)
% Time on Ice - Jets
Lines # - Real PCT - Wanted PCT - Time Play
Normal Forward
1 - 39% - 40% - 20:55
2 - 28% - 30% - 15:05
3 - 20% - 20% - 10:32
4 - 12% - 10% - 6:32
Normal Defense
1 - 39% - 40% - 20:42
2 - 37% - 35% - 19:25
3 - 24% - 25% - 12:57
4 - 0% - 0% - 0:00
PP Forward
1 - 52% - 60% - 1:31
2 - 48% - 40% - 1:23
PP Defense
1 - 36% - 60% - 1:03
2 - 64% - 40% - 1:51
PK Forward
1 - 76% - 60% - 1:36
2 - 24% - 40% - 0:31
PK Defense
1 - 58% - 60% - 1:14
2 - 42% - 40% - 0:53
PK3 Forward
1 - 80% - 60% - 1:32
2 - 20% - 40% - 0:23
PK3 Defense
1 - 100% - 60% - 1:55
2 - 0% - 40% - 0:00
44 Forward
1 - 0% - 60%
2 - 0% - 40%
44 Defense
1 - 0% - 60%
2 - 0% - 40%
Last Minute Offensive - 0:00
Last Minute Defensive - 0:00
Total
Forward - 60:00
Defense - 60:00
|
% Time on Ice - Bruins
Lines # - Real PCT - Wanted PCT - Time Play
Normal Forward
1 - 38% - 40% - 20:20
2 - 29% - 30% - 15:18
3 - 21% - 20% - 11:02
4 - 12% - 10% - 6:24
Normal Defense
1 - 41% - 40% - 21:33
2 - 32% - 30% - 16:43
3 - 22% - 20% - 11:29
4 - 6% - 10% - 3:19
PP Forward
1 - 64% - 60% - 2:34
2 - 36% - 40% - 1:28
PP Defense
1 - 65% - 60% - 2:38
2 - 35% - 40% - 1:24
PK Forward
1 - 87% - 60% - 2:31
2 - 13% - 40% - 0:23
PK Defense
1 - 57% - 60% - 1:40
2 - 43% - 40% - 1:14
PK3 Forward
1 - 0% - 60%
2 - 0% - 40%
PK3 Defense
1 - 0% - 60%
2 - 0% - 40%
44 Forward
1 - 0% - 60%
2 - 0% - 40%
44 Defense
1 - 0% - 60%
2 - 0% - 40%
Last Minute Offensive - 0:00
Last Minute Defensive - 0:00
Total
Forward - 60:00
Defense - 60:00
|
Play-by-Play
1st period
0:01 of 1st period - Adam Henrique wins face-off versus Jonathan Toews in neutral zone.
0:06 of 1st period - Slapshot by Ryan Johansen.
0:06 of 1st period - Shot Misses the Net.
0:08 of 1st period - Wrist shot by Kyle Okposo.
0:08 of 1st period - Stopped by Kevin Poulin without a rebound.
0:09 of 1st period - Ryan Johansen wins face-off versus Wojtek Wolski in Bruins zone.
0:50 of 1st period - Slapshot by Ryan Johansen.
0:50 of 1st period - Shot Misses the Net.
1:08 of 1st period - Slapshot by Kyle Okposo.
1:08 of 1st period - Shot Misses the Net.
1:30 of 1st period - Snap shot by Kyle Okposo.
1:30 of 1st period - Shot Misses the Net.
1:32 of 1st period - Slapshot by Kyle Okposo.
1:32 of 1st period - Shot Misses the Net.
1:34 of 1st period - Slapshot by Marco Scandella.
1:34 of 1st period - Shot Misses the Net.
1:36 of 1st period - Slapshot by Brent Burns.
1:36 of 1st period - Stopped by Kevin Poulin with a rebound.
1:40 of 1st period - Snap shot by Ryan Johansen.
1:40 of 1st period - Shot Misses the Net.
1:56 of 1st period - Slapshot by Kyle Okposo.
1:56 of 1st period - Shot Misses the Net.
2:02 of 1st period - Snap shot by Ryan Johansen.
2:02 of 1st period - Shot Misses the Net.
2:06 of 1st period - Snap shot by Ryan Johansen.
2:06 of 1st period - Deflect By Kyle Okposo.
2:06 of 1st period - Stopped by Kevin Poulin with a rebound.
2:08 of 1st period - Wrist shot by Kyle Okposo.
2:08 of 1st period - Shot Misses the Net.
2:10 of 1st period - Slapshot by Brent Burns.
2:10 of 1st period - Deflect By Jason Demers.
2:10 of 1st period - Stopped by Kevin Poulin without a rebound.
2:11 of 1st period - Kevin Hayes wins face-off versus Alexander Wennberg in Bruins zone.
2:13 of 1st period - Minor Penalty to Kevin Hayes for Hooking.
2:14 of 1st period - Alexander Wennberg wins face-off versus Casey Cizikas in Bruins zone.
2:26 of 1st period - Madison Bowey is hit by Marcus Johansson and loses puck.
2:41 of 1st period - Alexander Wennberg is hit by Scott Hartnell and loses puck.
2:52 of 1st period - Slapshot by Marcus Johansson.
2:52 of 1st period - Shot Misses the Net.
2:54 of 1st period - Snap shot by Max Domi.
2:54 of 1st period - Stopped by Kevin Poulin with a rebound.
2:56 of 1st period - Slapshot by Jake McCabe.
2:56 of 1st period - Goal by Jake McCabe - Jets : 1 - Bruins : 0.
2:57 of 1st period - Viktor Arvidsson wins face-off versus Kevin Hayes in neutral zone.
3:13 of 1st period - Slapshot by Viktor Arvidsson.
3:13 of 1st period - Shot Misses the Net.
3:30 of 1st period - Snap shot by Casey Cizikas.
3:30 of 1st period - Shot Blocked by Jordan Martinook.
4:08 of 1st period - Backhand shot by Kevin Hayes.
4:08 of 1st period - Deflect By Scott Hartnell.
4:08 of 1st period - Shot Blocked by Travis Sanheim.
4:08 of 1st period - Puck is out of play.
4:09 of 1st period - Alexander Wennberg wins face-off versus Kevin Hayes in Jets zone.
4:57 of 1st period - Wrist shot by Ryan Johansen.
4:57 of 1st period - Shot Misses the Net.
4:59 of 1st period - Slapshot by Jake McCabe.
4:59 of 1st period - Shot Blocked by Jason Demers.
5:19 of 1st period - Snap shot by Scott Hartnell.
5:19 of 1st period - Shot Misses the Net.
5:47 of 1st period - Slapshot by Viktor Arvidsson.
5:47 of 1st period - Stopped by Kevin Poulin without a rebound.
5:48 of 1st period - Kevin Hayes wins face-off versus Erik Haula in Bruins zone.
5:48 of 1st period - Kevin Hayes is hit by Brent Burns.
6:58 of 1st period - Wrist shot by Andreas Athanasiou.
6:58 of 1st period - Stopped by Michal Neuvirth without a rebound.
6:59 of 1st period - Kevin Hayes wins face-off versus Noel Acciari in Jets zone.
7:08 of 1st period - Slapshot by Jason Pominville.
7:08 of 1st period - Stopped by Kevin Poulin without a rebound.
7:09 of 1st period - Kevin Hayes wins face-off versus Alexander Wennberg in Bruins zone.
7:36 of 1st period - Snap shot by Kevin Hayes.
7:36 of 1st period - Shot Misses the Net.
7:38 of 1st period - Wrist shot by Scott Hartnell.
7:38 of 1st period - Shot Misses the Net.
7:40 of 1st period - Slapshot by Torey Krug.
7:40 of 1st period - Shot Blocked by Jake McCabe.
7:58 of 1st period - Snap shot by Kevin Hayes.
7:58 of 1st period - Deflect By Victor Oreskovich.
7:58 of 1st period - Shot Misses the Net.
7:58 of 1st period - Puck is out of play.
7:59 of 1st period - Casey Cizikas wins face-off versus Ryan Johansen in Jets zone.
8:08 of 1st period - Slapshot by Kyle Okposo.
8:08 of 1st period - Shot Blocked by Adam Pelech.
8:20 of 1st period - Snap shot by Kyle Okposo.
8:20 of 1st period - Goal by Kyle Okposo - Jets : 2 - Bruins : 0.
8:21 of 1st period - Viktor Arvidsson wins face-off versus Jonathan Toews in neutral zone.
8:24 of 1st period - Jonathan Toews is hit by Marcus Johansson and loses puck.
9:20 of 1st period - Adam Pelech is hit by Kyle Okposo and loses puck.
9:50 of 1st period - Slapshot by Torey Krug.
9:50 of 1st period - Stopped by Michal Neuvirth without a rebound.
9:51 of 1st period - Alexander Wennberg wins face-off versus Jonathan Toews in Jets zone.
9:56 of 1st period - Wrist shot by Viktor Arvidsson.
9:56 of 1st period - Stopped by Kevin Poulin with a rebound.
9:58 of 1st period - Snap shot by Viktor Arvidsson.
9:58 of 1st period - Shot Misses the Net.
10:06 of 1st period - Wrist shot by Alexander Wennberg.
10:06 of 1st period - Shot Misses the Net.
10:08 of 1st period - Wrist shot by Viktor Arvidsson.
10:08 of 1st period - Shot Blocked by Torey Krug.
10:10 of 1st period - Wrist shot by Jake McCabe.
10:10 of 1st period - Stopped by Kevin Poulin without a rebound.
10:11 of 1st period - Casey Cizikas wins face-off versus Ryan Johansen in Bruins zone.
10:16 of 1st period - Slapshot by Kyle Okposo.
10:16 of 1st period - Shot Blocked by Matt Read.
10:18 of 1st period - Slapshot by Johnny Boychuk.
10:18 of 1st period - Shot Blocked by Josh Manson.
10:20 of 1st period - Slapshot by Johnny Boychuk.
10:20 of 1st period - Shot Blocked by Madison Bowey.
10:22 of 1st period - Wrist shot by Ryan Johansen.
10:22 of 1st period - Stopped by Kevin Poulin without a rebound.
10:23 of 1st period - Alexander Wennberg wins face-off versus Jonathan Toews in Bruins zone.
11:13 of 1st period - Wrist shot by Matt Read.
11:13 of 1st period - Shot Misses the Net.
11:23 of 1st period - Matt Read is hit by Jordan Martinook and loses puck.
11:34 of 1st period - Jason Pominville is hit by Torey Krug.
11:37 of 1st period - Travis Sanheim is hit by Jason Demers and loses puck.
11:54 of 1st period - Wojtek Wolski is hit by Kyle Okposo and loses puck.
12:15 of 1st period - Marcus Johansson is hit by Kevin Hayes and loses puck.
12:45 of 1st period - Snap shot by Jordan Martinook.
12:45 of 1st period - Goal by Jordan Martinook - Jets : 3 - Bruins : 0.
12:46 of 1st period - Ryan Johansen wins face-off versus Jonathan Toews in neutral zone.
13:12 of 1st period - Icing by Torey Krug.
13:13 of 1st period - Alexander Wennberg wins face-off versus Kevin Hayes in Bruins zone.
13:19 of 1st period - Slapshot by Johnny Boychuk.
13:19 of 1st period - Shot Blocked by Torey Krug.
13:21 of 1st period - Slapshot by Alexander Wennberg.
13:21 of 1st period - Deflect By Marcus Johansson.
13:21 of 1st period - Stopped by Kevin Poulin without a rebound.
13:22 of 1st period - Jonathan Toews wins face-off versus Ryan Johansen in Bruins zone.
13:22 of 1st period - Jonathan Toews is hit by Adam Henrique.
14:20 of 1st period - Wrist shot by Max Domi.
14:20 of 1st period - Stopped by Kevin Poulin with a rebound.
14:30 of 1st period - Minor Penalty to Jordan Martinook for Hooking.
14:31 of 1st period - Erik Haula wins face-off versus Jonathan Toews in Jets zone.
14:35 of 1st period - Marco Scandella is hit by Jason Demers and loses puck.
14:48 of 1st period - Wrist shot by Jonathan Toews.
14:48 of 1st period - Shot Misses the Net.
15:22 of 1st period - Johnny Boychuk is hit by Kevin Hayes and loses puck.
16:30 of 1st period - Penalty to Jordan Martinook is over, Jordan Martinook is back on ice.
16:41 of 1st period - Slapshot by Alexander Wennberg.
16:41 of 1st period - Shot Misses the Net.
17:29 of 1st period - Kevin Hayes is hit by Marco Scandella and loses puck.
17:36 of 1st period - Marcus Johansson is hit by Victor Oreskovich and loses puck.
17:44 of 1st period - Icing by Viktor Arvidsson.
17:45 of 1st period - Alexander Wennberg wins face-off versus Casey Cizikas in Jets zone.
17:50 of 1st period - Slapshot by Marco Scandella.
17:50 of 1st period - Stopped by Kevin Poulin with a rebound.
17:56 of 1st period - Brent Burns is hit by Madison Bowey and loses puck.
19:01 of 1st period - Wrist shot by Mikael Backlund.
19:01 of 1st period - Shot Misses the Net.
19:34 of 1st period - Wrist shot by Jonathan Toews.
19:34 of 1st period - Shot Misses the Net.
19:36 of 1st period - Slapshot by Alex Petrovic.
19:36 of 1st period - Stopped by Michal Neuvirth with a rebound.
19:38 of 1st period - Wrist shot by Torey Krug.
19:38 of 1st period - Deflect By Wojtek Wolski.
19:38 of 1st period - Shot Misses the Net.
19:38 of 1st period - Puck is out of play.
19:39 of 1st period - Alexander Wennberg wins face-off versus Kevin Hayes in Jets zone.
19:56 of 1st period - Snap shot by Alexander Wennberg.
19:56 of 1st period - Shot Blocked by Josh Manson.
Goals for this period are 3 for Jets vs 0 for Bruins.
Shots for this period are 16 for Jets vs 3 for Bruins.
2nd period
0:01 of 2nd period - Ryan Johansen wins face-off versus Jonathan Toews in neutral zone.
0:16 of 2nd period - Snap shot by Kyle Okposo.
0:16 of 2nd period - Shot Misses the Net.
0:28 of 2nd period - Snap shot by Viktor Arvidsson.
0:28 of 2nd period - Deflect By Alexander Wennberg.
0:28 of 2nd period - Shot Misses the Net.
0:28 of 2nd period - Puck is out of play.
0:29 of 2nd period - Kevin Hayes wins face-off versus Alexander Wennberg in Bruins zone.
0:47 of 2nd period - Icing by Kevin Hayes.
0:48 of 2nd period - Ryan Johansen wins face-off versus Kevin Hayes in Bruins zone.
1:03 of 2nd period - Snap shot by Ryan Johansen.
1:03 of 2nd period - Stopped by Kevin Poulin with a rebound.
1:11 of 2nd period - Wrist shot by Scott Hartnell.
1:11 of 2nd period - Shot Misses the Net.
1:39 of 2nd period - Off-side.
1:40 of 2nd period - Jonathan Toews wins face-off versus Alexander Wennberg in neutral zone.
1:50 of 2nd period - Minor Penalty to Jonathan Toews for Tripping.
1:51 of 2nd period - Ryan Johansen wins face-off versus Wojtek Wolski in Bruins zone.
1:56 of 2nd period - Snap shot by Max Domi.
1:56 of 2nd period - Goal by Max Domi - Jets : 4 - Bruins : 0.
1:56 of 2nd period - Antti Niemi enters game.
1:57 of 2nd period - Jonathan Toews wins face-off versus Ryan Johansen in neutral zone.
2:04 of 2nd period - Wrist shot by Wojtek Wolski.
2:04 of 2nd period - Shot Misses the Net.
2:07 of 2nd period - Icing by Marco Scandella.
2:08 of 2nd period - Jonathan Toews wins face-off versus Ryan Johansen in Jets zone.
2:39 of 2nd period - Snap shot by Viktor Arvidsson.
2:39 of 2nd period - Shot Misses the Net.
2:41 of 2nd period - Wrist shot by Marcus Johansson.
2:41 of 2nd period - Deflect By Viktor Arvidsson.
2:41 of 2nd period - Goal by Viktor Arvidsson - Jets : 5 - Bruins : 0.
2:42 of 2nd period - Jonathan Toews wins face-off versus Ryan Johansen in neutral zone.
2:44 of 2nd period - Off-side.
2:45 of 2nd period - Wojtek Wolski wins face-off versus Kyle Okposo in neutral zone.
3:42 of 2nd period - Snap shot by Alexander Wennberg.
3:42 of 2nd period - Deflect By Victor Oreskovich.
3:42 of 2nd period - Shot Misses the Net.
3:42 of 2nd period - Puck is out of play.
3:43 of 2nd period - Kevin Hayes wins face-off versus Alexander Wennberg in Bruins zone.
4:10 of 2nd period - Kevin Hayes is hit by Max Domi and loses puck.
5:02 of 2nd period - Snap shot by Andrei Kostitsyn.
5:02 of 2nd period - Shot Misses the Net.
5:04 of 2nd period - Snap shot by Casey Cizikas.
5:04 of 2nd period - Shot Blocked by Travis Sanheim.
5:26 of 2nd period - Snap shot by Noel Acciari.
5:26 of 2nd period - Shot Misses the Net.
5:28 of 2nd period - Wrist shot by Ronalds Kenins.
5:28 of 2nd period - Deflect By Adam Pelech.
5:28 of 2nd period - Stopped by Antti Niemi without a rebound.
5:29 of 2nd period - Erik Haula wins face-off versus Jonathan Toews in Bruins zone.
5:48 of 2nd period - Max Domi is hit by Jonathan Toews and loses puck.
6:19 of 2nd period - Marco Scandella is hit by Scott Hartnell and loses puck.
7:04 of 2nd period - Slapshot by Wojtek Wolski.
7:04 of 2nd period - Shot Blocked by Jake McCabe.
7:20 of 2nd period - Wrist shot by Casey Cizikas.
7:20 of 2nd period - Shot Misses the Net.
7:46 of 2nd period - Snap shot by Viktor Arvidsson.
7:46 of 2nd period - Deflect By Alexander Wennberg.
7:46 of 2nd period - Shot Misses the Net.
7:46 of 2nd period - Puck is out of play.
7:47 of 2nd period - Jonathan Toews wins face-off versus Ryan Johansen in Bruins zone.
8:07 of 2nd period - Icing by Kyle Okposo.
8:08 of 2nd period - Ryan Johansen wins face-off versus Kevin Hayes in Jets zone.
8:44 of 2nd period - Slapshot by Ryan Johansen.
8:44 of 2nd period - Stopped by Antti Niemi without a rebound.
8:45 of 2nd period - Jonathan Toews wins face-off versus Alexander Wennberg in Bruins zone.
8:56 of 2nd period - Snap shot by Zack Kassian.
8:56 of 2nd period - Deflect By Wojtek Wolski.
8:56 of 2nd period - Shot Misses the Net.
8:56 of 2nd period - Puck is out of play.
8:57 of 2nd period - Jonathan Toews wins face-off versus Alexander Wennberg in Jets zone.
9:14 of 2nd period - Wrist shot by Torey Krug.
9:14 of 2nd period - Shot Blocked by Brent Burns.
9:35 of 2nd period - Off-side.
9:36 of 2nd period - Ryan Johansen wins face-off versus Casey Cizikas in neutral zone.
9:47 of 2nd period - Slapshot by Kyle Okposo.
9:47 of 2nd period - Stopped by Antti Niemi without a rebound.
9:48 of 2nd period - Kevin Hayes wins face-off versus Adam Henrique in Bruins zone.
10:25 of 2nd period - Snap shot by Jonathan Toews.
10:25 of 2nd period - Stopped by Michal Neuvirth with a rebound.
10:27 of 2nd period - Slapshot by Torey Krug.
10:27 of 2nd period - Deflect By Zack Kassian.
10:27 of 2nd period - Stopped by Michal Neuvirth without a rebound.
10:28 of 2nd period - Ryan Johansen wins face-off versus Casey Cizikas in Jets zone.
10:53 of 2nd period - Snap shot by Wojtek Wolski.
10:53 of 2nd period - Shot Misses the Net.
11:03 of 2nd period - Wrist shot by Erik Haula.
11:03 of 2nd period - Deflect By Max Domi.
11:03 of 2nd period - Stopped by Antti Niemi with a rebound.
11:33 of 2nd period - Jason Pominville is hit by Adam Pelech and loses puck.
11:38 of 2nd period - Snap shot by Mikael Backlund.
11:38 of 2nd period - Goal by Mikael Backlund - Jets : 5 - Bruins : 1.
11:39 of 2nd period - Jonathan Toews wins face-off versus Ryan Johansen in neutral zone.
11:44 of 2nd period - Slapshot by Zack Kassian.
11:44 of 2nd period - Shot Hit the Post.
11:46 of 2nd period - Snap shot by Jonathan Toews.
11:46 of 2nd period - Stopped by Michal Neuvirth without a rebound.
11:47 of 2nd period - Jonathan Toews wins face-off versus Ryan Johansen in Jets zone.
11:52 of 2nd period - Snap shot by Jonathan Toews.
11:52 of 2nd period - Stopped by Michal Neuvirth with a rebound.
12:10 of 2nd period - Snap shot by Zack Kassian.
12:10 of 2nd period - Shot Blocked by Jake McCabe.
12:12 of 2nd period - Snap shot by Jonathan Toews.
12:12 of 2nd period - Stopped by Michal Neuvirth without a rebound.
12:12 of 2nd period - Minor Penalty to Michal Neuvirth for Slashing.
12:13 of 2nd period - Erik Haula wins face-off versus Jonathan Toews in Jets zone.
12:13 of 2nd period - Erik Haula is hit by Zack Kassian.
12:16 of 2nd period - Minor Penalty to Johnny Boychuk for Interference.
12:17 of 2nd period - Jonathan Toews wins face-off versus Erik Haula in Jets zone.
12:19 of 2nd period - Snap shot by Jonathan Toews.
12:19 of 2nd period - Shot Blocked by Dougie Hamilton.
12:21 of 2nd period - Slapshot by Jason Demers.
12:21 of 2nd period - Shot Blocked by Brent Burns.
12:23 of 2nd period - Snap shot by Jonathan Toews.
12:23 of 2nd period - Deflect By Wojtek Wolski.
12:23 of 2nd period - Stopped by Michal Neuvirth without a rebound.
12:24 of 2nd period - Jonathan Toews wins face-off versus Erik Haula in Jets zone.
12:39 of 2nd period - Wrist shot by Wojtek Wolski.
12:39 of 2nd period - Stopped by Michal Neuvirth without a rebound.
12:40 of 2nd period - Jonathan Toews wins face-off versus Erik Haula in Jets zone.
14:12 of 2nd period - Penalty to Jake McCabe is over, Jake McCabe is back on ice.
14:16 of 2nd period - Penalty to Johnny Boychuk is over, Johnny Boychuk is back on ice.
14:44 of 2nd period - Snap shot by Jake McCabe.
14:44 of 2nd period - Stopped by Antti Niemi without a rebound.
14:45 of 2nd period - Ryan Johansen wins face-off versus Mikael Backlund in Bruins zone.
15:10 of 2nd period - Icing by Kyle Okposo.
15:11 of 2nd period - Erik Haula wins face-off versus Kevin Hayes in Jets zone.
15:18 of 2nd period - Snap shot by Max Domi.
15:18 of 2nd period - Stopped by Antti Niemi without a rebound.
15:19 of 2nd period - Alexander Wennberg wins face-off versus Jonathan Toews in Bruins zone.
15:49 of 2nd period - Slapshot by Josh Manson.
15:49 of 2nd period - Stopped by Michal Neuvirth with a rebound.
15:51 of 2nd period - Backhand shot by Madison Bowey.
15:51 of 2nd period - Stopped by Michal Neuvirth without a rebound.
15:52 of 2nd period - Kevin Hayes wins face-off versus Ryan Johansen in Jets zone.
16:07 of 2nd period - Wrist shot by Scott Hartnell.
16:07 of 2nd period - Shot Blocked by Jake McCabe.
16:53 of 2nd period - Snap shot by Mikael Backlund.
16:53 of 2nd period - Shot Blocked by Viktor Arvidsson.
16:55 of 2nd period - Wrist shot by Mikael Backlund.
16:55 of 2nd period - Shot Misses the Net.
16:57 of 2nd period - Slapshot by Adam Pelech.
16:57 of 2nd period - Stopped by Michal Neuvirth without a rebound.
16:58 of 2nd period - Erik Haula wins face-off versus Kevin Hayes in Jets zone.
17:12 of 2nd period - Snap shot by Jordan Martinook.
17:12 of 2nd period - Shot Misses the Net.
17:24 of 2nd period - Adam Henrique is hit by Torey Krug and loses puck.
17:29 of 2nd period - Wrist shot by Jonathan Toews.
17:29 of 2nd period - Stopped by Michal Neuvirth without a rebound.
17:30 of 2nd period - Ryan Johansen wins face-off versus Jonathan Toews in Jets zone.
17:37 of 2nd period - Jonathan Toews is hit by Adam Henrique and loses puck.
17:58 of 2nd period - Wrist shot by Max Domi.
17:58 of 2nd period - Shot Misses the Net.
18:07 of 2nd period - Icing by Travis Sanheim.
18:08 of 2nd period - Casey Cizikas wins face-off versus Erik Haula in Jets zone.
18:13 of 2nd period - Wrist shot by Casey Cizikas.
18:13 of 2nd period - Stopped by Michal Neuvirth with a rebound.
18:43 of 2nd period - Snap shot by Max Domi.
18:43 of 2nd period - Stopped by Antti Niemi with a rebound.
18:45 of 2nd period - Snap shot by Jordan Martinook.
18:45 of 2nd period - Shot Misses the Net.
18:47 of 2nd period - Snap shot by Jordan Martinook.
18:47 of 2nd period - Shot Misses the Net.
18:58 of 2nd period - Wrist shot by Max Domi.
18:58 of 2nd period - Stopped by Antti Niemi with a rebound.
19:20 of 2nd period - Slapshot by Erik Haula.
19:20 of 2nd period - Shot Blocked by Casey Cizikas.
19:22 of 2nd period - Slapshot by Johnny Boychuk.
19:22 of 2nd period - Shot Misses the Net.
19:24 of 2nd period - Snap shot by Jordan Martinook.
19:24 of 2nd period - Stopped by Antti Niemi without a rebound.
19:25 of 2nd period - Jonathan Toews wins face-off versus Alexander Wennberg in Bruins zone.
19:59 of 2nd period - Snap shot by Kyle Okposo.
19:59 of 2nd period - Deflect By Josh Manson.
19:59 of 2nd period - Shot Misses the Net.
19:59 of 2nd period - Puck is out of play.
Goals for this period are 2 for Jets vs 1 for Bruins.
Shots for this period are 12 for Jets vs 13 for Bruins.
3rd period
0:01 of 3rd period - Ryan Johansen wins face-off versus Jonathan Toews in neutral zone.
0:30 of 3rd period - Torey Krug is hit by Viktor Arvidsson and loses puck.
0:47 of 3rd period - Snap shot by Jason Pominville.
0:47 of 3rd period - Stopped by Antti Niemi without a rebound.
0:48 of 3rd period - Jason Pominville wins face-off versus Casey Cizikas in Bruins zone.
0:55 of 3rd period - Snap shot by Ronalds Kenins.
0:55 of 3rd period - Shot Misses the Net.
0:57 of 3rd period - Slapshot by Dougie Hamilton.
0:57 of 3rd period - Shot Blocked by Madison Bowey.
0:59 of 3rd period - Slapshot by Noel Acciari.
0:59 of 3rd period - Shot Misses the Net.
1:15 of 3rd period - Snap shot by Adam Henrique.
1:15 of 3rd period - Shot Misses the Net.
1:17 of 3rd period - Minor Penalty to Josh Manson for Hooking.
1:18 of 3rd period - Ryan Johansen wins face-off versus Wojtek Wolski in Bruins zone.
1:23 of 3rd period - Snap shot by Adam Henrique.
1:23 of 3rd period - Goal by Adam Henrique - Jets : 6 - Bruins : 1.
1:24 of 3rd period - Jonathan Toews wins face-off versus Ryan Johansen in neutral zone.
1:50 of 3rd period - Kevin Hayes is hit by Viktor Arvidsson and loses puck.
2:04 of 3rd period - Kevin Hayes is hit by Viktor Arvidsson and loses puck.
3:33 of 3rd period - Wrist shot by Kevin Hayes.
3:33 of 3rd period - Deflect By Victor Oreskovich.
3:33 of 3rd period - Stopped by Michal Neuvirth without a rebound.
3:34 of 3rd period - Mikael Backlund wins face-off versus Adam Henrique in Jets zone.
3:43 of 3rd period - Slapshot by Brent Burns.
3:43 of 3rd period - Shot Blocked by Torey Krug.
3:45 of 3rd period - Wrist shot by Ryan Johansen.
3:45 of 3rd period - Goal by Ryan Johansen - Jets : 7 - Bruins : 1.
3:46 of 3rd period - Jonathan Toews wins face-off versus Ryan Johansen in neutral zone.
4:13 of 3rd period - Marcus Johansson is hit by Victor Oreskovich and loses puck.
4:20 of 3rd period - Slapshot by Kevin Hayes.
4:20 of 3rd period - Stopped by Michal Neuvirth without a rebound.
4:21 of 3rd period - Kevin Hayes wins face-off versus Alexander Wennberg in Jets zone.
4:22 of 3rd period - Snap shot by Victor Oreskovich.
4:22 of 3rd period - Stopped by Michal Neuvirth with a rebound.
5:10 of 3rd period - Wrist shot by Erik Haula.
5:10 of 3rd period - Stopped by Antti Niemi without a rebound.
5:11 of 3rd period - Kevin Hayes wins face-off versus Erik Haula in Bruins zone.
5:16 of 3rd period - Brent Burns is hit by Scott Hartnell and loses puck.
5:21 of 3rd period - Snap shot by Kevin Hayes.
5:21 of 3rd period - Stopped by Michal Neuvirth without a rebound.
5:22 of 3rd period - Jonathan Toews wins face-off versus Ryan Johansen in Jets zone.
5:49 of 3rd period - Marco Scandella is hit by Victor Oreskovich and loses puck.
5:54 of 3rd period - Snap shot by Victor Oreskovich.
5:54 of 3rd period - Stopped by Michal Neuvirth with a rebound.
5:56 of 3rd period - Slapshot by Kevin Hayes.
5:56 of 3rd period - Shot Misses the Net.
7:47 of 3rd period - Snap shot by Jordan Martinook.
7:47 of 3rd period - Shot Misses the Net.
8:19 of 3rd period - Slapshot by Dougie Hamilton.
8:19 of 3rd period - Deflect By Kyle Okposo.
8:19 of 3rd period - Stopped by Antti Niemi without a rebound.
8:20 of 3rd period - Jonathan Toews wins face-off versus Ryan Johansen in Bruins zone.
8:38 of 3rd period - Slapshot by Adam Pelech.
8:38 of 3rd period - Shot Misses the Net.
8:46 of 3rd period - Zack Kassian is hit by Dougie Hamilton and loses puck.
9:12 of 3rd period - Wrist shot by Kyle Okposo.
9:12 of 3rd period - Stopped by Antti Niemi with a rebound.
9:14 of 3rd period - Slapshot by Marco Scandella.
9:14 of 3rd period - Stopped by Antti Niemi without a rebound.
9:15 of 3rd period - Marcus Johansson wins face-off versus Kevin Hayes in Bruins zone.
9:26 of 3rd period - Snap shot by Marcus Johansson.
9:26 of 3rd period - Stopped by Antti Niemi with a rebound.
11:02 of 3rd period - Snap shot by Jonathan Toews.
11:02 of 3rd period - Stopped by Michal Neuvirth without a rebound.
11:03 of 3rd period - Mikael Backlund wins face-off versus Ryan Johansen in Jets zone.
11:06 of 3rd period - Wrist shot by Mikael Backlund.
11:06 of 3rd period - Stopped by Michal Neuvirth with a rebound.
11:08 of 3rd period - Wrist shot by Kris Chucko.
11:08 of 3rd period - Shot Misses the Net.
11:10 of 3rd period - Snap shot by Kris Chucko.
11:10 of 3rd period - Shot Misses the Net.
11:12 of 3rd period - Snap shot by Adam Pelech.
11:12 of 3rd period - Shot Blocked by Jake McCabe.
11:51 of 3rd period - Travis Sanheim is hit by Scott Hartnell.
11:55 of 3rd period - Snap shot by Jordan Martinook.
11:55 of 3rd period - Goal by Jordan Martinook - Jets : 8 - Bruins : 1.
11:56 of 3rd period - Ryan Johansen wins face-off versus Jonathan Toews in neutral zone.
12:11 of 3rd period - Snap shot by Zack Kassian.
12:11 of 3rd period - Goal by Zack Kassian - Jets : 8 - Bruins : 2.
12:12 of 3rd period - Ryan Johansen wins face-off versus Jonathan Toews in neutral zone.
12:45 of 3rd period - Scott Hartnell is hit by Alexander Wennberg and loses puck.
13:05 of 3rd period - Snap shot by Matt Read.
13:05 of 3rd period - Shot Misses the Net.
13:07 of 3rd period - Snap shot by Casey Cizikas.
13:07 of 3rd period - Shot Misses the Net.
13:09 of 3rd period - Wrist shot by Andrei Kostitsyn.
13:09 of 3rd period - Stopped by Michal Neuvirth with a rebound.
13:11 of 3rd period - Wrist shot by Casey Cizikas.
13:11 of 3rd period - Stopped by Michal Neuvirth with a rebound.
13:13 of 3rd period - Snap shot by Josh Manson.
13:13 of 3rd period - Stopped by Michal Neuvirth without a rebound.
13:14 of 3rd period - Ryan Johansen wins face-off versus Jonathan Toews in Jets zone.
13:14 of 3rd period - Ryan Johansen is hit by Wojtek Wolski.
13:42 of 3rd period - Minor Penalty to Torey Krug for Roughing.
13:43 of 3rd period - Ryan Johansen wins face-off versus Wojtek Wolski in Bruins zone.
14:00 of 3rd period - Slapshot by Adam Henrique.
14:00 of 3rd period - Stopped by Antti Niemi with a rebound.
14:18 of 3rd period - Slapshot by Travis Sanheim.
14:18 of 3rd period - Stopped by Antti Niemi with a rebound.
14:20 of 3rd period - Slapshot by Jake McCabe.
14:20 of 3rd period - Deflect By Zack Kassian.
14:20 of 3rd period - Stopped by Antti Niemi without a rebound.
14:21 of 3rd period - Alexander Wennberg wins face-off versus Wojtek Wolski in Bruins zone.
14:51 of 3rd period - Icing by Max Domi.
14:52 of 3rd period - Ryan Johansen wins face-off versus Casey Cizikas in Jets zone.
15:09 of 3rd period - Snap shot by Adam Henrique.
15:09 of 3rd period - Deflect By Max Domi.
15:09 of 3rd period - Stopped by Antti Niemi without a rebound.
15:10 of 3rd period - Alexander Wennberg wins face-off versus Wojtek Wolski in Bruins zone.
15:33 of 3rd period - Snap shot by Adam Henrique.
15:33 of 3rd period - Stopped by Antti Niemi without a rebound.
15:34 of 3rd period - Wojtek Wolski wins face-off versus Ryan Johansen in Bruins zone.
15:42 of 3rd period - Penalty to Torey Krug is over, Torey Krug is back on ice.
16:54 of 3rd period - Icing by Adam Pelech.
16:55 of 3rd period - Alexander Wennberg wins face-off versus Wojtek Wolski in Bruins zone.
17:21 of 3rd period - Zack Kassian is hit by Jason Pominville and loses puck.
17:46 of 3rd period - Snap shot by Zack Kassian.
17:46 of 3rd period - Deflect By Torey Krug.
17:46 of 3rd period - Stopped by Michal Neuvirth without a rebound.
17:47 of 3rd period - Kevin Hayes wins face-off versus Alexander Wennberg in Jets zone.
17:52 of 3rd period - Backhand shot by Victor Oreskovich.
17:52 of 3rd period - Shot Misses the Net.
18:19 of 3rd period - Max Domi is hit by Andrei Kostitsyn and loses puck.
18:36 of 3rd period - Jake McCabe is hit by Kris Chucko.
18:52 of 3rd period - Wrist shot by Victor Oreskovich.
18:52 of 3rd period - Shot Misses the Net.
19:14 of 3rd period - Ronalds Kenins is hit by Alex Petrovic and loses puck.
19:35 of 3rd period - Slapshot by Viktor Arvidsson.
19:35 of 3rd period - Shot Blocked by Madison Bowey.
19:59 of 3rd period - Snap shot by Adam Henrique.
19:59 of 3rd period - Stopped by Antti Niemi with a rebound.
Goals for this period are 3 for Jets vs 1 for Bruins.
Shots for this period are 15 for Jets vs 12 for Bruins.